 Dungeon Crawl Stone Soup version 0.28.0-43-g3370ac3207 (webtiles) character file.

Game seed: 8101169777001147808

33 jimonade the Covered (level 3, 0/25 HPs)
             Began as a Gnoll Wanderer on Mar 17, 2022.
             Succumbed to Sigmund's poison
             ... on level 2 of the Dungeon on Mar 18, 2022.
             The game lasted 00:04:27 (1562 turns).

jimonade the Covered (Gnoll Wanderer)               Turns: 1562, Time: 00:04:28

Health: 0/25       AC:  7    Str: 15    XL:     3   Next: 29%
Magic:  2/9        EV: 10    Int: 10    God:
Gold:   31         SH:  0    Dex: 10    Spells: 11/12 levels left

rFire   . . .      SeeInvis .   h - +2 mace (protect)
rCold   . . .      Faith    .   (no shield)
rNeg    . . .      Spirit   .   b - +0 scale mail
rPois   .          Reflect  .   (no helmet)
rElec   .          Harm     .   (no cloak)
rCorr   .          Rampage  .   (no gloves)
Will    .....                   (no boots)
Stlth   ..........              (no amulet)
HPRegen 0.08/turn               (no ring)
MPRegen 0.11/turn               (no ring)

@: lethally poisoned (0 -> -21)
A: fangs 1, strong nose, distributed training
a: no special abilities


You were on level 2 of the Dungeon.
You visited 1 branch of the dungeon, and saw 2 of its levels.

You collected 31 gold pieces.

Inventory:

Hand Weapons
 a - a +0 falchion
 h - a +2 mace of protection (weapon)
Missiles
 d - 31 stones
Armour
 b - a +0 scale mail (worn)
Scrolls
 c - a scroll of noise {unknown}
 e - a scroll of fear {unknown}
 g - a scroll of blinking {unknown}
 i - a scroll of fog {unknown}
 m - 2 scrolls of teleportation {unknown}
Potions
 f - a potion of cancellation {unknown}
 j - 2 potions of lignification {unknown}
 k - a potion of magic {unknown}
 l - a potion of flight {unknown}


   Skills:
 + Level 0.7 Fighting
 + Level 0.7 Short Blades
 + Level 2.6 Long Blades
 + Level 0.7 Axes
 + Level 0.7 Maces & Flails
 + Level 0.7 Polearms
 + Level 0.7 Staves
 + Level 0.7 Slings
 + Level 0.7 Bows
 + Level 0.7 Crossbows
 + Level 0.7 Throwing
 + Level 6.5 Armour
 + Level 2.6 Dodging
 + Level 0.7 Stealth
 + Level 0.7 Shields
 + Level 0.7 Unarmed Combat
 + Level 5.0 Spellcasting
 + Level 0.5 Conjurations
 + Level 0.5 Hexes
 + Level 0.5 Summonings
 + Level 5.4 Necromancy
 + Level 0.5 Translocations
 + Level 0.5 Transmutations
 + Level 0.5 Fire Magic
 + Level 0.5 Ice Magic
 + Level 0.5 Air Magic
 + Level 0.5 Earth Magic
 + Level 0.5 Poison Magic
 + Level 0.9 Invocations
 + Level 0.7 Evocations


You had 11 spell levels left.
You knew the following spells:

 Your Spells              Type           Power      Damage    Failure   Level
a - Pain                  Necr           52%        1d6       9%          1

Your spell library contained the following spells:

 Spells                   Type           Power      Damage    Failure   Level
 Sublimation of Blood     Necr           13%        N/A       13%         2
 Vampiric Draining        Necr           13%        2d6       26%         3
 Magic Dart               Conj           12%        1d3       54%         1
 Dispel Undead            Necr           13%        3d9       63%         4
 Searing Ray              Conj           6%         2d4       67%         2
 Static Discharge         Conj/Air       3%         N/A       67%         2
 Fulminant Prism          Conj/Hex       1%         3d6       99%         4
 Sticky Flame             Conj/Fire      3%         2d3       99%         4


Dungeon Overview and Level Annotations

Branches:
Dungeon (2/15)

Altars:

Annotations:
D:2 Sigmund


Innate Abilities, Weirdness & Mutations

You have very sharp teeth.
Your uncanny sense of smell can sniff out nearby items.
Your experience applies equally to all skills.


Message History

The hobgoblin barely resists.
The hobgoblin barely misses you.
You hit the hobgoblin.
Your weapon exudes an aura of protection.
You kill the hobgoblin!
Your magical contamination has completely faded away.
Things that are here:
a +0 whip; a hobgoblin corpse; a kobold corpse You start resting.
Magic restored.
HP restored.
Found an escape hatch in the ceiling.
You open the door.
Found a leather armour.
Found 4 gold pieces.
There is an open door here.
Found a stone staircase leading up.
j - 2 smoky white potions (gained 1) Sigmund the Dreaded comes into view.
He is wielding a +0 scythe of venom.
Found a leather armour.
Sigmund shouts!
Sigmund writhes in agony.
Sigmund barely resists.
Sigmund completely misses you.
Sigmund writhes in agony.
Sigmund writhes in agony.
Sigmund gestures at you while chanting. The magic dart hits you.
Sigmund barely resists.
Sigmund barely misses you.
Sigmund writhes in agony.
Sigmund gestures at you while chanting.
The puff of flame hits you but does no damage.
Sigmund writhes in agony.
Sigmund hits you but does no damage.
You are poisoned.
Sigmund writhes in agony.
You feel sick.
You feel sick.
Sigmund hits you with a +0 scythe of venom.
* * * LOW HITPOINT WARNING * * *
You are lethally poisoned!
You closely miss Sigmund.
Sigmund is almost dead.
You die...

####### #.....[
#...... ##### #......
#...# #...... #...#
.......####...#
........@@....#
####.$.......##### .
+[.............
##.####........######
##..............###
<...................
#..............####
#..............#
#......#'###<###


You could see Sigmund.

Vanquished Creatures
  A dart slug (D:1)
  3 bats
  3 endoplasms (D:1)
  3 hobgoblins
  4 jackals (D:1)
  2 quokkas (D:1)
  4 ball pythons (D:1)
  2 goblins (D:1)
  4 kobolds
  A rat (D:1)
27 creatures vanquished.

Vanquished Creatures (others)
  3 plants (D:1)
3 creatures vanquished.

Grand Total: 30 creatures vanquished

Notes
Turn   | Place    | Note
-------+----------+-------------------------------------------
     0 | D:1      | jimonade the Gnoll Wanderer began the quest for the Orb.
     0 | D:1      | jimonade set off with the following items: a +0 falchion, a
                  | +0 scale mail; and the following spell memorised: Pain; and
                  | the following spells available to memorise: Sublimation of
                  | Blood, Vampiric Draining
     0 | D:1      | Reached XP level 1. HP: 13/13 MP: 6/6
   165 | D:1      | Reached XP level 2. HP: 6/19 MP: 4/7
  1183 | D:1      | Reached XP level 3. HP: 22/25 MP: 5/9
  1249 | D:1      | Reached skill level 5 in Spellcasting
  1430 | D:1      | You fall into a shaft and drop 1 floor!
  1549 | D:2      | Noticed Sigmund
  1562 | D:2      | Succumbed to Sigmund's poison

Illustrated notes

Levels and vault maps discovered:
D:1:      eino_arrival_druids_welcome, layout_basic,
          ebering_ecumenical_altar_abandoned, chequers_serial_rivers_small_a
D:2:      layout_basic, minmay_hedge_maze, uniq_sigmund, uniq_crazy_yiuf_cottage

Skill      XL: |  1  2  3 |
---------------+----------+-----
Spellcasting   | 5 |  5.0
Fighting       | |  0.7
Short Blades   | |  0.7
Long Blades    | |  2.6
Axes           | |  0.7
Maces & Flails | |  0.7
Polearms       | |  0.7
Staves         | |  0.7
Slings         | |  0.7
Bows           | |  0.7
Crossbows      | |  0.7
Throwing       | |  0.7
Armour         | |  6.5
Dodging        | |  2.6
Stealth        | |  0.7
Shields        | |  0.7
Unarmed Combat | |  0.7
Conjurations   | |  0.5
Hexes          | |  0.5
Summonings     | |  0.5
Necromancy     | |  5.4
Translocations | |  0.5
Transmutations | |  0.5
Fire Magic     | |  0.5
Ice Magic      | |  0.5
Air Magic      | |  0.5
Earth Magic    | |  0.5
Poison Magic   | |  0.5
Invocations    | |  0.9
Evocations     | |  0.7

Action                   || total
-------------------------++-------
Melee: Falchion          ||    19
       Bite              ||     2
       Mace              ||    11
 Cast: Pain              ||    48
Armor: Scale mail        ||    28
Dodge: Dodged            ||    39
